 Dungeon Crawl Stone Soup version 0.27.1-4-g1640c2035a (webtiles) character file.

Game seed: 7798641270398479167

247 iamoutofideas the Firebug (level 5, 0/36 HPs)
             Began as a Demonspawn Fire Elementalist on Nov 10, 2021.
             Succumbed to an orc wizard's poison
             ... on level 3 of the Dungeon.
             The game lasted 00:04:21 (5454 turns).

iamoutofideas the Firebug (DsFE)                    Turns: 5454, Time: 00:04:23

Health: 0/36       AC:  4    Str:  8    XL:     5   Next: 85%
Magic:  1/11       EV: 12    Int: 17    God:
Gold:   139        SH:  0    Dex: 14    Spells: 4/12 levels left

rFire    . . .     SeeInvis .   g - +0 short sword
rCold    . . .     Faith    .   (no shield)
rNeg     . . .     Spirit   .   a - +0 robe
rPois    .         Reflect  .   (no helmet)
rElec    .         Harm     .   i - +0 cloak
rCorr    .         Rampage  .   m - +0 pair of gloves
Will     .....                  (no boots)
Stlth    ++........             (no amulet)
HPRegen  0.12/turn              (no ring)
MPRegen  0.12/turn              (no ring)

@: mighty, brilliant, lethally poisoned (0 -> -2)
A: powered by pain 2, spiny 1
a: no special abilities


You were on level 3 of the Dungeon.
You visited 1 branch of the dungeon, and saw 4 of its levels.

You collected 139 gold pieces.

Inventory:

Hand Weapons
 g - a +0 short sword (weapon)
Armour
 a - a +0 robe (worn)
 i - a +0 cloak (worn)
 m - a +0 pair of gloves (worn)
Scrolls
 d - a scroll of enchant weapon {unknown}
 e - 3 scrolls of identify {unknown}
 f - a scroll of magic mapping {unknown}
 h - 2 scrolls of enchant armour {unknown}
 j - a scroll of torment {unknown}
 k - a scroll of acquirement {unknown}
 l - a scroll of noise {unknown}


   Skills:
 + Level 0.3 Fighting
 + Level 0.5 Short Blades
 + Level 2.0 Dodging
 - Level 2.0 Stealth
 + Level 0.1 Unarmed Combat
 * Level 4.0 Spellcasting
 + Level 2.0 Conjurations
 + Level 4.0 Fire Magic


You had 4 spell levels left.
You knew the following spells:

 Your Spells              Type           Power      Damage    Failure   Level
a - Foxfire               Conj/Fire      80%        2x1d8     4%          1
b - Conjure Flame         Conj/Fire      20%        6-21      14%         3
c - Sticky Flame          Conj/Fire      20%        2d4       41%         4

Your spell library contained the following spells:

 Spells                   Type           Power      Damage    Failure   Level
 Animate Skeleton         Necr           10%        N/A       16%         1
 Apportation              Tloc           10%        N/A       16%         1
 Corona                   Hex            5%         N/A       16%         1
 Summon Small Mammal      Summ           20%        N/A       16%         1
 Inner Flame              Hex/Fire       15%        N/A       21%         3
 Airstrike                Air            2%         N/A       83%         4
 Summon Lightning Spire   Summ/Air       5%         N/A       83%         4
 Fireball                 Conj/Fire      10%        3d6       77%         5
 Lightning Bolt           Conj/Air       5%         1d17      96%         5


Dungeon Overview and Level Annotations

Branches:
Dungeon (4/15)
 Temple: D:4-7

Altars:


Innate Abilities, Weirdness & Mutations

You sometimes gain power by taking damage.
You are partially covered in sharp spines.


Message History

Casting: Foxfire (safe; 4% risk of failure)
Confirm with . or Enter, or press ? or * to list all spells.
You conjure some foxfire!
The foxfire hits something.
The orc closely misses you.
You hear some strange, mumbled words.
A puff of flame appears from out of thin air!
The puff of flame hits you!
You focus on the pain.
You feel very mighty all of a sudden.
Your foxfire dissipates!
Something hits you.
* * * LOW HITPOINT WARNING * * *
Unknown command.
It was a potion of brilliance.
You feel clever all of a sudden.
Okay, then.
It was a potion of curing.
You feel better. Something hits you but does no damage. Something hits you.
You are lethally poisoned!
* * * LOW HITPOINT WARNING * * *
You feel very sick.
* * * LOW HITPOINT WARNING * * *
You feel sick.
You hear some strange, mumbled words.
Something tries to affect you, but you resist.
* * * LOW HITPOINT WARNING * * *
You feel sick.
* * * LOW HITPOINT WARNING * * *
You feel sick.
* * * LOW HITPOINT WARNING * * *
You feel sick.
* * * LOW HITPOINT WARNING * * *
You feel sick.
There is a stone staircase leading up here.
* * * LOW HITPOINT WARNING * * *
You feel sick.
You hear some strange, mumbled words.
Something tries to affect you, but you resist.
You climb upwards.
Reactivating autopickup.
You die...

###......#.##.##.#ยง#####..#.#.#
#
......(..#.##.##.#..####..#.#.###
.8.......####.........##........'
...#.....)...............#..#####
..8#.#......##....#.#....#..# #
#....#......###...#.#....#..# #
####.#....#..##...#.#....#..# #
..................#.#....#..# #
...#.#..........@.#.#...)...# #
...#..............#.####.#### #
...##........#.##.#.# #.#
...##.............#.# #.#
......P...####....#.####.#
###....8.......##.#......#
#.##########.##.#.###### #.#
#.........# #.# #.##..#.#.#


There were no monsters in sight!

Vanquished Creatures
  A centaur zombie (D:4)
  A hound (D:4)
  An orc wizard (D:4)
  4 gnolls (D:3)
  3 adders
  4 dart slugs
  An orc (D:4)
  12 endoplasms
  2 giant cockroaches (D:1)
  8 hobgoblins
  15 jackals
  2 quokkas
  7 ball pythons
  6 bats
  2 frilled lizards
  4 goblins
  3 kobolds
  6 rats
82 creatures vanquished.

Vanquished Creatures (others)
  387 foxfires
387 creatures vanquished.

Grand Total: 469 creatures vanquished

Notes
Turn   | Place    | Note
-------+----------+-------------------------------------------
     0 | D:1      | iamoutofideas the Demonspawn Fire Elementalist began the
                  | quest for the Orb.
     0 | D:1      | Reached XP level 1. HP: 13/13 MP: 3/3
   413 | D:1      | Gained mutation: You sometimes gain a little power by
                  | taking damage. [demonic ancestry]
   413 | D:1      | Reached XP level 2. HP: 8/19 MP: 0/5
   880 | D:1      | Found a faded altar of an unknown god.
  1445 | D:1      | Reached XP level 3. HP: 24/24 MP: 1/7
  1605 | D:1      | Learned a level 3 spell: Conjure Flame
  3330 | D:2      | Gained mutation: You are partially covered in sharp spines.
                  | [demonic ancestry]
  3330 | D:2      | Reached XP level 4. HP: 31/31 MP: 4/8
  4475 | D:3      | Gained mutation: You sometimes gain power by taking damage.
                  | [demonic ancestry]
  4475 | D:3      | Reached XP level 5. HP: 36/36 MP: 6/10
  5397 | D:4      | Learned a level 4 spell: Sticky Flame
  5454 | D:3      | Succumbed to an orc wizard's poison

Illustrated notes

Levels and vault maps discovered:
D:1:      dpeg_arrival_signposts, layout_basic,
          hellmonk_ecumenical_altar_run_dry, chequers_garden, minmay_surrounded
D:2:      layout_basic, minmay_misc_feat_hallway, minmay_misc_feat_plants,
          minmay_shallow_snake_nest
D:3:      layout_basic, serial_undead, serial_undead_e, serial_undead_c,
          serial_undead_f, serial_undead_f, uniq_robin
D:4:      layout_cave_pods, minmay_temple_entry_enclosed_plants, uniq_grinder

Skill      XL: |  1  2  3  4  5 |
---------------+----------------+-----
Stealth        | 2 |  2.0
Fire Magic     | 3 4 |  4.0
Dodging        | 2 |  2.0
Spellcasting   | 3 4 |  4.0
Conjurations   | 2 |  2.0
Fighting       | |  0.3
Short Blades   | |  0.5
Unarmed Combat | |  0.1

Action                   |  1- 3 |  4- 6 || total
-------------------------+-------+-------++-------
Melee: Unarmed           |    30 |       ||    30
       Short sword       |     9 |     1 ||    10
 Cast: Foxfire           |   139 |   109 ||   248
  Use: Potion            |       |     2 ||     2
Armor: Robe              |    16 |     3 ||    19
Dodge: Dodged            |    63 |    17 ||    80
